 Dungeon Crawl Stone Soup version 0.32-a0-928-g1cae6b7ea0 (webtiles) character file.

Game seed: 4518699004267692961

16 Dazliare the Vexing (level 2, 0/19 HPs)
             Began as a Coglin Enchanter on Apr 13, 2024.
             Slain by a hobgoblin (2 damage)
             ... on level 1 of the Dungeon.
             The game lasted 00:02:05 (241 turns).

Dazliare the Vexing (Coglin Enchanter)               Turns: 241, Time: 00:02:06

Health: 0/19       AC:  2    Str:  8    XL:     2   Next: 58%
Magic:  4/4        EV: 11    Int: 14    God:
Gold:   0          SH:  0    Dex: 14    Spells: 4/4 levels left

rFire   . . .        a - +1 dagger {Ulrich}
rCold   . . .        d - +0 dagger {Teghnoor}
rNeg    . . .        b - +0 robe
rPois   .            (no helmet)
rElec   .            (no cloak)
rCorr   .            (no gloves)
SInv    .            (no boots)
Will    .....        (amulet unavailable)
Stlth   ++           (ring unavailable)
HPRegen 0.23/turn    (ring unavailable)
MPRegen 0.09/turn    (no gizmo)

%: no passive effects
@: revved
A: off-hand wielding, slow wielding, warmup strikes, no jewellery
a: Invent Gizmo


You were on level 1 of the Dungeon.
You visited 1 branch of the dungeon, and saw 1 of its levels.

Inventory:

Hand Weapons
 a - a +1 dagger (weapon) {Ulrich}
 d - a +0 dagger (offhand) {Teghnoor}
Armour
 b - a +0 robe (worn)
Scrolls
 e - a scroll of identify {unknown}
Potions
 c - 2 potions of invisibility


   Skills:
 + Level 2.2 Short Blades
 - Level 1.7 Dodging
 - Level 2.4 Stealth
 - Level 1.7 Spellcasting
 - Level 2.6 Hexes


You had 4 spell levels left.
You didn't know any spells.
Your spell library contained the following spells:

 Spells                   Type           Power      Damage    Failure   Level
 Ensorcelled Hibernation  Hex/Ice        8%         N/A       22%         2
 Confusing Touch          Hex            8%         N/A       24%         3
 Tukima's Dance           Hex            8%         N/A       24%         3
 Dazzling Flash           Conj/Hex       8%         N/A       38%         3


Dungeon Overview and Level Annotations

Branches:
Dungeon (1/15)

Altars:


Innate Abilities, Weirdness & Mutations

You can wield a second weapon in your off-hand.
It takes a long time for you to wield or remove held weapons.
Your first few attacks do less damage.
You cannot equip rings or amulets.


Message History

You kill the goblin!
You closely miss the kobold with your +1 dagger.
You hit the kobold with your +0 dagger. The kobold closely misses you.
You barely miss the kobold with your +0 dagger.
The kobold is severely wounded.
You barely miss the kobold with your +1 dagger.
The kobold hits you but does no damage.
You hit the kobold with your +1 dagger.
You kill the kobold!
You barely miss the ball python with your +0 dagger.
You barely miss the ball python with your +1 dagger.
The ball python misses you. The ball python barely misses you.
You hit the ball python but do no damage.
You closely miss the ball python with your +1 dagger.
The ball python barely misses you. x2; The ball python grabs you.
The ball python constricts you.
You hit the ball python with your +0 dagger.
The ball python is severely wounded.
You closely miss the ball python with your +1 dagger.
The ball python bites you. The ball python constricts you.
You hit the ball python with your +0 dagger.
You kill the ball python!
The hobgoblin hits you. The rat bites you but does no damage.
Items here: ( ))) ††.
You hit the rat but do no damage.
You barely miss the rat with your +0 dagger.
The hobgoblin hits you. The rat closely misses you.
You hit the rat with your +1 dagger.
You kill the rat!
You hit the hobgoblin but do no damage.
You barely miss the hobgoblin with your +0 dagger.
The hobgoblin hits you.
* * * LOW HITPOINT WARNING * * *
You barely miss the hobgoblin with your +0 dagger.
You closely miss the hobgoblin with your +1 dagger.
The hobgoblin hits you but does no damage.
You closely miss the hobgoblin with your +0 dagger.
You closely miss the hobgoblin with your +1 dagger.
The hobgoblin hits you.
You die...

#.#.)# #.#...# #.#..#
#.#.^.###
######.#..###.#......
....................#.
#######.##.#.#.######.
#....#.#.# ##... #
##########.##+.... #..
#..........##.....
#...#######@####.#####......
......†...#g####..# #.......
#......g......# #.......
.........####.....# #......<
.........# #.....# #.......
....#....# #.....# #.......
... #.###. ####..# ##......
#+ ... #. #.## #+..... ..#.
# #.# ##....


You could see 2 hobgoblins.

Vanquished Creatures
  2 endoplasms (D:1)
  A hobgoblin (D:1)
  3 kobolds (D:1)
  A quokka (D:1)
  2 ball pythons (D:1)
  2 bats (D:1)
  2 goblins (D:1)
  3 rats (D:1)
16 creatures vanquished.

Notes
Turn   | Place    | Note
-------+----------+-------------------------------------------
     0 | D:1      | Dazliare the Coglin Enchanter began the quest for the Orb.
     0 | D:1      | Reached XP level 1. HP: 13/13 MP: 3/3
    49 | D:1      | Reached skill level 1 in Short Blades
   139 | D:1      | Reached XP level 2. HP: 15/19 MP: 4/4
   241 | D:1      | Slain by a hobgoblin

Illustrated notes

Levels and vault maps discovered:
D:1:      lemuel_arrival_rhombus, layout_basic, minivault_24

Skill      XL: |  1  2 |
---------------+-------+-----
Short Blades   | 1 2 |  2.2
Dodging        | |  1.7
Stealth        | |  2.4
Spellcasting   | |  1.7
Hexes          | |  2.6

Action                     || total
---------------------------++-------
  Melee: Dagger            ||    81
   Stab: Sleeping          ||     1
 Armour: Robe              ||    41
  Dodge: Dodged            ||    35

Table legend: (Time is in decaauts)
 A = Elapsed time spent in this place.
 B = Non-inter-level travel time spent in this place.
 C = Inter-level travel time spent in this place.
 D = Time resting spent in this place.
 E = Time spent auto-exploring this place.
 F = Levels seen in this place.
 G = Mean time per level.
                   A        B        C        D        E       F      G
               +--------+--------+--------+--------+--------+-----+--------+
         Total |    237 |    236 |      1 |     67 |     81 |   1 |  237.0 |
       Dungeon |    237 |    236 |      1 |     67 |     81 |   1 |  237.0 |
               +--------+--------+--------+--------+--------+-----+--------+

Top non-repeatable levels by time:
     D:1: 237 daAuts
